 Dungeon Crawl Stone Soup version 0.25.1-2-g60ff931df9 (webtiles) character file.

Game seed: 10944265977289763769

427 Johnny the Digger (level 6, -3/67 HPs)
             Began as a Demigod Earth Elementalist on Oct 26, 2020.
             Slain by a water moccasin (5 damage)
             ... on level 5 of the Dungeon.
             The game lasted 00:02:51 (4386 turns).

Johnny the Digger (Demigod Earth Elementalist)      Turns: 4386, Time: 00:02:52

Health: -3/67      AC: 23    Str: 11    XL:     6   Next: 37%
Magic:  13/14      EV:  2    Int: 23    God:
Gold:   168        SH:  0    Dex: 16    Spells: 11/12 levels left

rFire    . . .     SeeInvis .   k - +1 mace (protect)
rCold    . . .     Gourm    .   (no shield)
rNeg     + + +     Faith    .   (armour currently unavailable)
rPois    +         Spirit   .   (helmet currently unavailable)
rElec    .         Reflect  .   (cloak currently unavailable)
rCorr    .         Harm     .   (gloves currently unavailable)
MR       .....     NoTele   +   (boots currently unavailable)
Stlth    ++........             (no amulet)
HPRegen  0.21/turn              (no ring)
MPRegen  0.14/turn              (no ring)

@: mighty, tree-form, stab
A: high mp 1, evolution 1
a: no special abilities


You were on level 5 of the Dungeon.
You were very hungry.
You were a tree.
You visited 1 branch of the dungeon, and saw 5 of its levels.

You collected 168 gold pieces.

Inventory:

Hand Weapons
 a - a +0 spear
 k - a +1 mace of protection (weapon)
Missiles
 b - 101 stones (quivered)
Armour
 c - a +0 robe (melded)
 l - a +0 pair of gloves (melded)
Jewellery
 g - an uncursed ring of ice
Scrolls
 e - a scroll of teleportation {unknown}
 h - 2 scrolls of noise {unknown}
 i - 4 scrolls of remove curse {unknown}
 o - 2 scrolls of amnesia {unknown}
 p - 2 scrolls of identify {unknown}
 q - a scroll of fear {unknown}
 t - a scroll of magic mapping {unknown}
Comestibles
 d - 5 rations


   Skills:
 - Level 1.7 Dodging
 - Level 1.7 Stealth
 + Level 3.6 Spellcasting
   Level 0.8 Transmutations
 * Level 5.9 Earth Magic


You had 11 spell levels left.
You knew the following spells:

 Your Spells              Type           Power        Failure   Level  Hunger
a - Sandblast             Erth           ####..       1%          1    None

Your spell library contained the following spells:

 Spells                   Type           Power        Failure   Level  Hunger
 Passwall                 Tmut/Erth      ###.....     4%          2    #......
 Stone Arrow              Conj/Erth      ###...       10%         3    ###....
 Petrify                  Tmut/Erth      ###.....     26%         4    ####...
 Lee's Rapid Deconstruct  Erth           ####......   26%         5    ######.
 Recall                   Summ/Tloc      N/A          32%         3    ###....
 Borgnjor's Vile Clutch   Necr/Erth      ###.......   65%         5    ######.
 Animate Dead             Necr           N/A          71%         4    ####...
 Death Channel            Necr           #.........   100%        6    #######
 Simulacrum               Ice/Necr       #.........   100%        6    #######


Dungeon Overview and Level Annotations

Branches:
Dungeon (5/15)             Temple (0/1) D:4

Annotations:
D:4 3 runed translucent doors, Johnny's ghost, amateur DgEE


Innate Abilities, Weirdness & Mutations

You have an increased reservoir of magic. (+10% MP)
((You have a beak for a mouth.))
You evolve.


Message History

The water moccasin bites you but does no damage.
The centaur hits you.
* * * LOW HITPOINT WARNING * * *
The worker ant completely misses you.
The water moccasin bites you but does no damage.
The centaur hits you but does no damage.
You aren't carrying any items that you can evoke without wielding.
Unknown command.
Okay, then.
Casting: Sandblast (safe; 1% risk of failure)
Confirm with . or Enter, or press ? or * to list all spells.
Aiming: Sandblast (safe; 1% risk of failure)
Press: ? - help, Shift-Dir - straight line, f/p - worker ant
Aim: a worker ant (severely wounded)
The blast of sand hits the worker ant!
You kill the worker ant!
b - 101 stones The centaur hits you but does no damage.
The water moccasin bites you.
You die...

..# #..# .. #..# .....
#..# ..... #..## #.....
#..####..... ###
#cS......# #.###
#♣†.....# ##..###
##.5.....# #.<..#
###....(..?#
###....######..........#
#.............######.(..#
######.<...#### ..(.#
##<..## ...(.. ##.##
....##. #.# ?.###


You could see a water moccasin, a centaur and a crimson imp.

Vanquished Creatures
  An ogre (D:4)
  A hound (D:4)
  A jelly (D:5)
  A bullfrog skeleton (D:4)
  2 orc priests (D:4)
  A worker ant (D:5)
  An orc wizard (D:4)
  A hound skeleton (D:4)
  4 adders
  An ooze (D:2)
  3 worms
  5 dart slugs
  3 leopard geckos
  7 giant cockroaches
  3 hobgoblins
  9 jackals
  6 kobolds
  A quokka (D:3)
  A ball python (D:3)
  11 bats
  5 frilled lizards
  3 goblins
  8 rats
79 creatures vanquished.

Notes
Turn   | Place    | Note
-------+----------+-------------------------------------------
     0 | D:1      | Johnny the Demigod Earth Elementalist began the quest for
                  | the Orb.
     0 | D:1      | Reached XP level 1. HP: 14/14 MP: 5/5
   287 | D:1      | Reached skill level 3 in Earth Magic
   566 | D:1      | Reached XP level 2. HP: 16/20 MP: 7/7
   872 | D:2      | Found a shimmering altar of Xom.
   872 | D:2      | Found a shimmering altar of Xom.
   872 | D:2      | Found a shimmering altar of Xom.
   872 | D:2      | Found a shimmering altar of Xom.
   872 | D:2      | Found a shimmering altar of Xom.
   872 | D:2      | Found a shimmering altar of Xom.
   872 | D:2      | Found a shimmering altar of Xom.
   872 | D:2      | Found a shimmering altar of Xom.
   872 | D:2      | Found a shimmering altar of Xom.
   937 | D:2      | Found a faded altar of an unknown god.
  1552 | D:2      | Reached XP level 3. HP: 16/26 MP: 9/9
  2276 | D:2      | Reached skill level 4 in Earth Magic
  2699 | D:3      | Reached XP level 4. HP: 30/33 MP: 10/10
  3466 | D:4      | Found a runed translucent gate.
  3466 | D:4      | Found a runed translucent gate.
  3466 | D:4      | Found a runed translucent gate.
  3480 | D:4      | Noticed Johnny's ghost (amateur DgEE)
  3562 | D:4      | Reached XP level 5. HP: 38/38 MP: 10/12
  3594 | D:4      | Reached skill level 5 in Earth Magic
  3703 | D:4      | Noticed an ogre
  3709 | D:4      | Killed an ogre
  3711 | D:4      | Reached XP level 6. HP: 44/45 MP: 7/14
  3805 | D:4      | Found a staircase to the Ecumenical Temple.
  4254 | D:5      | Entered Level 5 of the Dungeon
  4376 | D:5      | Noticed a water moccasin
  4383 | D:5      | Gained mutation: You evolve. [potion of mutation]
  4383 | D:5      | Gained mutation: You have a beak for a mouth. [potion of
                  | mutation]
  4385 | D:5      | HP: 2/67 [centaur (3)]
  4386 | D:5      | Slain by a water moccasin

Illustrated notes

Levels and vault maps discovered:
D:1:      mrwooster_arrival_statue, layout_loops_ring
D:2:      layout_basic, chequers_ecumenical_altar_island, xom_redecorated
D:3:      layout_basic, minmay_tree_intersection, grunt_ministairs_15
D:4:      layout_gridville, temple_green, gammafunk_ghost_split, first_ration,
          kennysheep_boxes
D:5:      layout_layer_cave, overflow_temple_1_default, serial_shops, shop,
          nicolae_ossuary_entry_plus, uniq_eustachio

Skill      XL: |  1  2  3  4  5 |
---------------+----------------+-----
Earth Magic    | 3 4 5 |  5.9
Spellcasting   | 2 3 |  3.6
Dodging        | |  1.7
Stealth        | |  1.7
Transmutations | |  0.8

Action                   |  1- 3 |  4- 6 || total
-------------------------+-------+-------++-------
Melee: Spear             |    70 |       ||    70
       Mace              |    43 |    76 ||   119
 Cast: Sandblast         |    30 |    27 ||    57
  Use: Potion            |       |     5 ||     5
 Stab: Sleeping          |     3 |     3 ||     6
  Eat: Chunk             |     5 |     5 ||    10
Armor: Robe              |    36 |    43 ||    79
       Skin              |       |     7 ||     7
Dodge: Dodged            |   102 |    89 ||   191
